Map: World of Sleepers LE

Players

ViBE - Winner!

  • Race: Zerg Zerg
  • League: Platinum
  • Spawn Location: 1:00

JimJams

  • Race: Zerg Zerg
  • League: Platinum
  • Spawn Location: 7:00

VOD

Have the link to the VOD?

Description

Time

  • Played on: Dec. 12, 2019, 10:58 p.m.
  • Length: 11:00
Show
View Real Time Build Order
Export as new Build Order

ViBE Zerg - Winner!

Build Orders: Hatch First 

Get SALT Encoding   

  12  0:00  Drone  
  13  0:13  Overlord  
  13  0:18  Drone  
  14  0:31  Drone  
  14  0:32  Drone  
  16  0:50  Hatchery  
  16  0:54  Drone  
  16  0:57  Drone  
  16  1:01  Drone  
  18  1:16  Spawning Pool  
  18  1:18  Drone  
  18  1:23  Drone  
  19  1:28  Drone  
  20  1:33  Extractor  
  19  1:44  Drone  
  20  1:50  Drone  
  21  2:03  Queen x2  
  21  2:06  Drone  
  21  2:07  Drone  
  27  2:18  Drone  
  28  2:25  Overlord  
  28  2:37  Overlord  
  28  2:43  Lair, Queen  
  30  2:44  Drone x4  
  34  2:52  Overlord  
  34  2:55  Drone  
  34  2:57  Drone  
  36  3:05  Zergling x2  
  37  3:14  Roach Warren  
  37  3:15  Drone x3  
  37  3:16  Drone x2  
  37  3:17  Evolution Chamber  
  40  3:21  Extractor x2  
  40  3:22  Drone  
  40  3:23  Drone x2  
  40  3:26  Drone  
  42  3:34  Overlord  
  42  3:38  Drone  
  43  3:43  Zerg Missile Weapons Level 1  
  43  3:46  Drone x4  
  43  3:47  Drone  
  43  3:48  Drone  
  49  4:02  Drone x3  
  51  4:09  Evolution Chamber  
  50  4:16  Roach x3, Evolution Chamber  
  55  4:21  Roach x2, Overlord  
  59  4:27  Evolution Chamber  
  59  4:31  Evolution Chamber  
  57  4:35  Roach  
  57  4:39  Roach  
  57  4:40  Roach x3  
  57  4:43  Roach  
  44  5:11  Queen x2  
  46  5:20  Roach Warren  
  42  5:26  Drone x6  
  46  5:43  Zerg Missile Weapons Level 2  
  46  5:44  Zerg Ground Armor Level 1  
  46  5:46  Drone  
  46  5:47  Drone, Queen  
  50  5:59  Evolution Chamber  
  49  6:04  Drone  
  49  6:05  Drone x6  
  56  6:21  Drone x2  
  58  6:27  Roach x4  
  66  6:43  Roach  
  66  6:46  Hatchery  
  67  6:49  Overseer, Overlord  
  67  6:50  Overlord x2  
  67  6:57  Extractor  
  66  7:07  Drone x2  
  66  7:08  Drone x4  
  72  7:11  Drone  
  72  7:12  Drone  
  74  7:23  Drone x2  
  74  7:27  Drone x3  
  79  7:36  Drone x2  
  81  7:45  Drone  
  82  7:52  Overlord x2  
  82  7:57  Hydralisk Den  
  81  7:58  Drone  
  81  7:59  Drone  
  81  8:02  Extractor  
  81  8:03  Extractor  
  81  8:06  Glial Reconstitution  
  81  8:08  Zerg Ground Armor Level 2  
  81  8:11  Drone x7  
  88  8:14  Hatchery  
  87  8:24  Drone  
  87  8:25  Roach  
  87  8:26  Roach x2  
  94  8:34  Grooved Spines  
  94  8:35  Drone  
  94  8:36  Infestation Pit  
  94  8:37  Roach  
  94  8:38  Roach  
  98  8:45  Roach x2  
  102  8:52  Hatchery  
  102  8:54  Overlord x5  
  102  8:55  Hydralisk x3  
  108  9:15  Hydralisk x7  
  122  9:24  Hydralisk x7  
  122  9:30  Hive  
  136  9:32  Lurker Den  
  136  9:33  Drone  
  136  9:37  Overlord  
  136  9:38  Overlord x2  
  136  9:45  Muscular Augments  
  136  9:48  Overlord  
  136  10:00  Roach x10  
  156  10:10  Roach  
  156  10:11  Roach x5  
  168  10:24  Hydralisk x6  
Show
View Real Time Build Order
Export as new Build Order

JimJams Zerg 

Build Orders: Hatch First 

Get SALT Encoding   

  12  0:01  Drone  
  13  0:12  Overlord  
  13  0:17  Drone  
  14  0:31  Drone x2  
  14  0:34  Drone  
  17  0:46  Drone  
  18  0:57  Hatchery  
  18  1:03  Drone  
  18  1:10  Drone  
  19  1:18  Spawning Pool  
  19  1:21  Extractor  
  17  1:30  Drone x2  
  19  1:40  Drone  
  20  1:59  Drone  
  21  2:03  Drone  
  21  2:08  Queen x2  
  22  2:10  Overlord  
  26  2:19  Drone x2  
  28  2:25  Metabolic Boost  
  28  2:30  Zergling x2  
  28  2:33  Zergling x4  
  31  2:42  Drone  
  32  2:44  Overlord  
  32  2:54  Zergling x2  
  33  3:01  Overlord  
  33  3:07  Zergling x4  
  35  3:15  Zergling x2  
  36  3:24  Zergling x4  
  36  3:26  Zergling x2  
  39  3:28  Zergling x6  
  42  4:02  Zergling x6  
  45  4:03  Zergling x12  
  51  4:15  Drone  
  52  4:23  Evolution Chamber x2  
  49  4:26  Evolution Chamber  
  49  4:30  Zergling x10  
  47  4:47  Zergling x6  
  47  4:48  Zergling x4  
  43  5:04  Zergling x8  
  40  5:14  Zergling x4  
  35  5:32  Zergling x6  
  37  5:41  Zergling x2  
  36  5:49  Hatchery  
  32  5:50  Zergling x4  
  32  5:54  Drone  
  33  6:02  Zergling x2, Extractor  
  33  6:03  Hatchery  
  33  6:04  Extractor  
  30  6:18  Drone x7  
  35  6:24  Extractor  
  36  6:30  Drone x2  
  36  6:47  Roach Warren  
  36  6:50  Zerg Missile Weapons Level 1  
  36  6:54  Drone x7  
  42  7:03  Drone x5  
  42  7:04  Queen  
  42  7:06  Overlord  
  49  7:12  Drone  
  49  7:13  Drone  
  51  7:16  Drone x2  
  53  7:23  Spore Crawler  
  53  7:24  Lair  
  53  7:26  Drone x3  
  53  7:27  Drone x3  
  53  7:29  Drone  
  59  7:40  Roach  
  59  7:41  Roach x5  
  71  7:46  Zerg Ground Armor Level 1  
  71  7:50  Overlord  
  71  8:06  Overlord x2  
  71  8:18  Roach  
  71  8:19  Roach x3  
  79  8:20  Overlord  
  79  8:21  Overlord  
  79  8:33  Zergling x4  
  79  8:34  Zergling x14  
  88  8:46  Zergling x4  
  88  8:47  Zergling x4  
  89  8:53  Roach x8  
  103  8:57  Overlord  
  103  9:09  Drone  
  104  9:10  Roach x3  
  104  9:11  Roach  
  104  9:13  Overlord  
  112  9:17  Glial Reconstitution  
  112  9:33  Extractor, Roach  
  112  9:38  Extractor x2  
  112  9:40  Hatchery  
  110  9:54  Roach  
  110  9:55  Roach x5  
  122  10:01  Pneumatized Carapace  
  122  10:03  Roach x2  
  122  10:04  Roach  
  128  10:07  Overlord  
  128  10:25  Overlord x3  
  113  10:36  Roach x7  
Tags
 
Add a new tag
Caveats
  • Supply blocks, unpowered buildings, or Contaminate may cause inaccurate times.
  • Supply counts are checked every 10 seconds.